 Dungeon Crawl Stone Soup version 0.20.1-1-g8b1a95d (webtiles) character file.

6937 vatarom the Cleaver (level 10, -3/92 HPs)
             Began as a Deep Dwarf Fighter on Sept 30, 2017.
             Was a Believer of Makhleb.
             Slain by a blink frog (10 damage)
             ... on level 1 of the Lair of Beasts.
             The game lasted 00:24:49 (8440 turns).

vatarom the Cleaver (Deep Dwarf Fighter)            Turns: 8440, Time: 00:24:50

Health: -3/92      AC: 12    Str: 20    XL:     10   Next: 80%
Magic:  4/4        EV: 11    Int:  9    God:    Makhleb [**....]
Gold:   416        SH: 10    Dex: 15    Spells: 9/9 levels left

rFire    . . .     SeeInvis .   a - +1 war axe
rCold    . . .     Gourm    +   c - +0 shield
rNeg     . . .     Faith    .   b - +0 scale mail
rPois    +         Spirit   .   n - +0 helmet
rElec    .         Reflect  .   x - +0 cloak {rPois}
rCorr    +         Harm     .   (no gloves)
MR       +....     Rnd*Tele +   p - +0 pair of boots
Stlth    ..........             m - amulet of the gourmand
Regen    0.0/turn               u - ring of poison resistance
MPRegen  0.1/turn               r - ring of resist corrosion

@: non-regenerating
A: damage resistance, heal wounds, claws 1, sense surroundings 2, teleportitis
1, no regeneration
a: Heal Wounds, Minor Destruction, Renounce Religion


You were on level 1 of the Lair of Beasts.
You worshipped Makhleb.
Makhleb was pleased with you.
You were very full.

You visited 3 branches of the dungeon, and saw 14 of its levels.

You collected 464 gold pieces.
You spent 48 gold pieces at shops.

Inventory:

Hand Weapons
 a - a +1 war axe (weapon)
 D - a +0 blowgun
Missiles
 e - 3 throwing nets (quivered)
 F - 8 curare-tipped needles
Armour
 b - a +0 scale mail (worn)
 c - a +0 shield (worn)
 j - a +1 cloak
 n - a +0 helmet (worn)
 p - a +0 pair of boots (worn)
 s - a +0 plate armour
 x - a +0 cloak of poison resistance (worn)
Jewellery
 g - an uncursed ring of wizardry
 m - an amulet of the gourmand (around neck)
 r - a ring of resist corrosion (right claw)
 u - a ring of poison resistance (left claw)
Wands
 o - a wand of iceblast (10/15)
 A - a wand of enslavement (1/24)
Scrolls
 h - 5 scrolls of teleportation
 q - a scroll of fog
 t - 4 scrolls of remove curse
 y - 3 scrolls of identify
 E - a scroll of enchant weapon
Potions
 d - 4 potions of might
 i - 2 potions of flight
 k - a potion of invisibility
 v - 2 potions of agility
 z - 2 potions of resistance
 C - 2 potions of haste
 G - a potion of lignification
Comestibles
 f - 11 bread rations
 l - 4 fruits
 w - 3 royal jellies
 B - 2 meat rations


   Skills:
 + Level 6.9 Fighting
 * Level 10.9 Axes
 - Level 7.4 Armour
 + Level 5.0 Dodging
 + Level 5.1 Shields
 + Level 7.2 Invocations
 - Level 6.7 Evocations


You had 9 spell levels left.
You didn't know any spells.

Dungeon Overview and Level Annotations

Branches:
Dungeon (12/15)            Temple (1/1) D:6            Lair (1/6) D:8
    Orc: D:9-12

Altars:
Ashenzari
Cheibriados
Dithmenos
Elyvilon
Fedhas
Gozag
Hepliaklqana
Kikubaaqudgha
Makhleb
Nemelex Xobeh
Okawaru
Qazlal
Ru
Sif Muna
Trog
Uskayaw
Vehumet
Xom
Yredelemnul
Zin
The Shining One

Shops:
D:7 *   D:9 ?


Innate Abilities, Weirdness & Mutations

You are resistant to damage.
You can heal yourself by infusing magical energy.
You passively map the area around you.
You do not regenerate.
You have sharp fingernails.
You are occasionally teleported next to monsters.


Message History

The blink frog hits you but does no damage.
You closely miss the blink frog.
The blink frog is almost dead.
You completely miss the blink frog.
The blink frog blinks!
The blink frog hits you but does no damage.
You block the blink frog's attack.
You closely miss the blink frog.
The blink frog is almost dead.
You miss the blink frog. You barely miss the blink frog.
The blink frog blinks!
You block the blink frog's attack.
The blink frog blinks! x2
The blink frog hits you!
* * * LOW HITPOINT WARNING * * *
You miss the blink frog.
The blink frog is severely wounded.
The blink frog hits you!
* * * LOW HITPOINT WARNING * * *
You miss the blink frog.
The blink frog is severely wounded.
The blink frog blinks!
The blink frog hits you!
You die...

, , , #* + * * , * #.
, *### # , ,
##+.####.# ..,
#........# * ... ,
#........#######+....
#......<..##...#....
,
#.........##..#F.#§.#
*
#........+.#§@F..P.#
*
#........#.'...#....#
* *
####..#.####.#.....#.
, ** #.#...#
#.#.#.#.. , ,,,
....### #...#.# , , *
,, +..## #.#..,., , ,
,, , #.... . , , , ,,
#..... .. , * , , , *
*#..,...,


You could see 2 blink frogs.

Vanquished Creatures
  A two-headed ogre (D:9)
  Pikel (D:8)
  An ugly thing (D:11)
  A gargoyle (D:10)
  A blink frog (Lair:1)
  4 hippogriffs
  Sigmund (D:5)
  A basilisk (D:8)
  A wyvern (D:9)
  A steam dragon (D:10)
  3 wargs
  2 slaves (D:8)
  5 ogres
  3 sky beasts
  2 centaurs
  A phantom (D:4)
  5 bullfrogs
  A big kobold (D:10)
  A water moccasin zombie (D:9)
  A water moccasin skeleton (D:8)
  A scorpion (D:9)
  4 wights (D:7)
  An electric eel (D:11)
  4 crimson imps
  A centaur zombie (D:6)
  A bullfrog zombie (D:6)
  5 hounds
  2 centaur skeletons
  5 orc priests
  9 orc wizards
  2 bullfrog skeletons (D:9)
  3 iguanas
  7 worker ants
  Natasha (thrice) (D:2)
  A hound skeleton (D:8)
  Robin (D:2)
  A worker ant zombie (D:9)
  7 gnolls
  8 adders
  4 shadow imps
  An adder skeleton (D:8)
  6 worms
  A dart slug (D:3)
  6 leopard geckos
  21 orcs
  6 bats
  5 giant cockroaches
  17 goblins
  10 hobgoblins
  18 jackals
  6 quokkas
  A ball python (D:7)
  2 frilled lizards
  5 kobolds
  2 quokka skeletons
  7 rats
  A fungus (Lair:1)
222 creatures vanquished.

Vanquished Creatures (collateral kills)
  2 orcs (D:7)
2 creatures vanquished.

Vanquished Creatures (others)
  A slave (D:8)
  A bullfrog (D:8)
2 creatures vanquished.

Grand Total: 226 creatures vanquished

Notes
Turn   | Place    | Note
-------+----------+-------------------------------------------
     0 | D:1      | vatarom the Deep Dwarf Fighter began the quest for the Orb.
     0 | D:1      | Reached XP level 1. HP: 20/20 MP: 1/1
   277 | D:1      | Reached XP level 2. HP: 24/27 MP: 2/2
   951 | D:2      | Noticed Natasha
   957 | D:2      | Killed Natasha
   957 | D:2      | Reached XP level 3. HP: 29/33 MP: 3/3
   960 | D:2      | Reached skill level 3 in Axes
  1003 | D:2      | Noticed Robin
  1029 | D:2      | Killed Robin
  1029 | D:2      | Reached XP level 4. HP: 22/42 MP: 4/4
  1033 | D:2      | Noticed Natasha
  1043 | D:2      | Killed Natasha
  1191 | D:2      | Noticed Natasha
  1200 | D:2      | Killed Natasha
  1249 | D:2      | Found a white marble altar of Elyvilon.
  1514 | D:2      | Reached XP level 5. HP: 39/49 MP: 3/3
  1949 | D:3      | Reached skill level 1 in Dodging
  1973 | D:3      | Reached skill level 4 in Axes
  2076 | D:3      | Gained mutation: You are occasionally teleported next to monsters. [potion of mutation]
  2076 | D:3      | Gained mutation: You have sharp fingernails. [potion of mutation]
  2656 | D:4      | Reached XP level 6. HP: 20/56 MP: 4/4
  2810 | D:4      | Reached skill level 5 in Axes
  2946 | D:4      | Found a shattered altar of Ashenzari.
  3229 | D:5      | Entered Level 5 of the Dungeon
  3307 | D:5      | Noticed Sigmund
  3321 | D:5      | Killed Sigmund
  3321 | D:5      | Reached XP level 7. HP: 35/64 MP: 5/5
  3457 | D:5      | Reached skill level 6 in Axes
  3878 | D:5      | Got an ichor-stained ring mail
  3879 | D:5      | Identified the +2 ring mail of Beyond {+Fly} (You found it on level 5 of the Dungeon)
  4166 | D:6      | Found a blossoming altar of Fedhas.
  4325 | D:6      | Found a staircase to the Ecumenical Temple.
  4337 | D:6      | Reached XP level 8. HP: 34/73 MP: 5/5
  4341 | Temple   | Entered the Ecumenical Temple
  4366 | Temple   | Became a worshipper of Makhleb the Destroyer
  4571 | D:6      | Reached skill level 7 in Axes
  4571 | D:6      | Reached skill level 1 in Invocations
  4914 | D:6      | Reached skill level 5 in Fighting
  4914 | D:6      | Reached skill level 5 in Armour
  5338 | D:7      | Found Ihoycu's Serpentskin Sales.
  5369 | D:7      | Reached skill level 8 in Axes
  5432 | D:7      | Noticed a hippogriff
  5441 | D:7      | Killed a hippogriff
  5530 | D:7      | Gained mutation: You passively map the area around you. [Deep Dwarf growth]
  5530 | D:7      | Reached XP level 9. HP: 30/81 MP: 5/5
  5881 | D:7      | HP: 2/81 [orc priest/divine providence (9)]
  6113 | D:7      | Reached * piety under Makhleb
  6135 | D:7      | Reached skill level 1 in Evocations
  6320 | D:8      | Got a dazzling long sword
  6321 | D:8      | Identified the cursed +3 long sword "Olioh" {pain, *Drain +Blink +Rage rN++} (You found it on level 8 of the Dungeon)
  6452 | D:8      | Noticed Pikel
  6473 | D:8      | Killed Pikel
  6473 | D:8      | Reached skill level 9 in Axes
  6499 | D:8      | Found a staircase to the Lair.
  6537 | D:7      | Reached skill level 5 in Invocations
  6552 | D:7      | HP: 3/82 [hippogriff (6)]
  6601 | D:8      | Reached skill level 5 in Evocations
  6691 | D:8      | Reached ** piety under Makhleb
  6947 | D:8      | Reached XP level 10. HP: 62/91 MP: 6/6
  7240 | D:9      | Noticed a two-headed ogre
  7248 | D:9      | Killed a two-headed ogre
  7248 | D:9      | Reached skill level 10 in Axes
  7333 | D:9      | Found Kaodum's Magic Scroll Emporium.
  7427 | D:9      | Found Itausexe's Magic Scroll Shoppe.
  7435 | D:9      | Bought a scroll of identify for 24 gold pieces
  7435 | D:9      | Bought a scroll of identify for 24 gold pieces
  7829 | D:10     | Entered Level 10 of the Dungeon
  7984 | D:10     | Noticed a gargoyle
  7997 | D:10     | Killed a gargoyle
  8315 | D:11     | Noticed a purple ugly thing
  8341 | D:11     | Killed a purple ugly thing
  8341 | D:11     | Reached skill level 5 in Dodging
  8341 | D:11     | Reached skill level 5 in Shields
  8408 | Lair:1   | Entered Level 1 of the Lair of Beasts
  8440 | Lair:1   | Slain by a blink frog

Skill      XL: |  1  2  3  4  5  6  7  8  9 10 |
---------------+-------------------------------+-----
Fighting       | 3 4 5 6 |  6.9
Axes           | 3 4 5 6 8 9 10 | 10.9
Shields        | 4 5 |  5.1
Armour         | 4 5 6 7 |  7.4
Dodging        | 2 3 4 5 |  5.0
Invocations    | 3 5 7 |  7.2
Evocations     | 5 6 |  6.7

Action                   |  1- 3 |  4- 6 |  7- 9 | 10-12 || total
-------------------------+-------+-------+-------+-------++-------
Melee: War axe           |    74 |   244 |   398 |   224 ||   940
Invok: Minor Destruction |       |       |       |    12 ||    12
 Abil: Heal Wounds       |       |     4 |    13 |     7 ||    24
Evoke: Wand              |       |       |     2 |       ||     2
  Use: Scroll            |       |     7 |     5 |     7 ||    19
       Potion            |       |     1 |    10 |       ||    11
  Eat: Chunk             |       |    19 |    12 |     4 ||    35
Armor: Scale mail        |    47 |    91 |   200 |    72 ||   410
Dodge: Dodged            |    32 |    70 |   154 |    77 ||   333
Block: Shield            |    57 |   138 |   234 |   117 ||   546
